 Dungeon Crawl Stone Soup version 0.17.1-2-g5865329 (webtiles) character file.

7599 Mychaelh the Protected (level 10, -2/81 HPs)
             Began as a Minotaur Berserker on Jan 23, 2016.
             Was a High Priest of Trog.
             Slain by a hell hound (5 damage)
             ... on level 1 of the Abyss on Jan 31, 2016.
             The game lasted 02:33:43 (8711 turns).

Mychaelh the Protected (Minotaur Berserker)         Turns: 8711, Time: 02:33:44

Health: -2/81      AC: 25    Str: 23    XL:     10   Next: 97%
Magic:  9/9        EV:  9    Int:  4    God:    Trog [*****.]
Gold:   227        SH:  0    Dex:  6    Spells: 0 memorised, 9 levels left

rFire  + . .     SeeInvis .     D - +1 halberd (venom)
rCold  . . .     Clarity  .     G - +0 crystal plate armour
rNeg   + . .     SustAt   .     (shield currently unavailable)
rPois  .         Gourm    .     (helmet restricted)
rElec  .         Spirit   .     S - +0 cloak
rCorr  .         Warding  +     (no gloves)
rMut   .         Stasis   .     (no boots)
MR     .....                    a - brooch of Shielding {Ward rN+ AC+4 EV+4}
Stlth  ..........               (no ring)
                                j - ring of protection from fire

@: exhausted, slowed, very slow, not resistant to hostile enchantments,
extremely unstealthy
A: retaliatory headbutt, horns 2, clumsy 2, frail 1, screaming 1, weak 1
a: Berserk, Trog's Hand, Brothers in Arms, Burn Spellbooks, Renounce Religion


You were on level 1 of the Abyss.
You worshipped Trog.
Trog was extremely pleased with you.
You were not hungry.

You visited 2 branches of the dungeon, and saw 8 of its levels.
You visited the Abyss 1 time.

You collected 396 gold pieces.
You spent 169 gold pieces at shops.

Inventory:

Hand Weapons
 l - a +1 war axe
 n - a +1 short sword of holy wrath
 v - a +2 hand axe of holy wrath
 D - a +1 halberd of venom (weapon)
 P - a +0 dagger of draining
Missiles
 g - 244 stones
 i - 4 tomahawks
 y - 55 bolts
 L - 12 arrows of flame
 M - 4 steel tomahawks (quivered)
 Q - 8 tomahawks of dispersal
 T - 7 needles of confusion
Armour
 z - a +0 pair of boots
 G - a +0 crystal plate armour (worn)
 S - a +0 cloak (worn)
 W - the +4 robe of Night {+Inv MR+ SInv Stlth+}
   (You found it on level 7 of the Dungeon)

   It affects your resistance to hostile enchantments.
   It lets you see invisible.
   It lets you turn invisible.
   It makes you more stealthy.
Jewellery
 a - the brooch of Shielding (around neck) {Ward rN+ AC+4 EV+4}
   (You found it on level 4 of the Dungeon)

   [amulet of warding]

   It may prevent the melee attacks of summoned creatures.
   It affects your AC (+4).
   It affects your evasion (+4).
   It protects you from negative energy.
 e - an uncursed amulet of the gourmand
 f - an uncursed ring of wizardry
 j - a ring of protection from fire (left hand)
 E - an uncursed amulet of faith
 H - the ring of the Madman {rF+ AC+4 Stlth+, unknown}
   (You found it on level 1 of the Abyss)

   [ring of protection]

   It affects your AC (+4).
   It protects you from fire.
   It makes you more stealthy.
Wands
 p - a wand of disintegration (13)
 s - a wand of hasting (4)
 x - a wand of flame (24)
 A - a wand of slowing (28)
 I - a wand of draining (4)
Scrolls
 b - 2 scrolls of fear
 h - 3 scrolls of identify
 k - a scroll of acquirement {unknown}
 B - 2 scrolls of remove curse
 F - 2 scrolls of recharging {unknown}
 N - a scroll of enchant weapon
 O - a scroll of immolation {unknown}
 R - a scroll of magic mapping
Potions
 d - 2 potions of might
 m - a potion of degeneration
 o - 6 potions of agility
 q - 2 potions of flight
 u - a potion of invisibility {unknown}
 w - 3 potions of curing {unknown}
 C - a potion of poison
 U - 2 potions of lignification {unknown}
Books
 J - a book of Transfigurations

   Spells                             Type                      Level
   a - Stoneskin                      Transmutation/Earth          2
   b - Irradiate                      Conjuration/Transmutation    5
   c - Statue Form                    Transmutation/Earth          6
   d - Hydra Form                     Transmutation                6
   e - Dragon Form                    Transmutation                7
   Trog disapproves of the use of such an item.
Comestibles
 c - a bread ration
 t - 2 beef jerkies
 K - 12 fruits


   Skills:
 + Level 9.2 Fighting
 + Level 7.1(8.7) Axes
 + Level 7.7(9.0) Polearms
 + Level 8.9 Throwing
 + Level 10.2 Armour
 + Level 4.1 Dodging
 + Level 2.2 Stealth
 + Level 0.8 Evocations


You had 9 spell levels left.
You didn't know any spells.

Dungeon Overview and Level Annotations

Branches:
Dungeon (7/15)             Temple (1/1) D:4

Altars:
Ashenzari
Cheibriados
Dithmenos
Elyvilon
Fedhas
Kikubaaqudgha
Makhleb
Nemelex Xobeh
Okawaru
Qazlal
Ru
Sif Muna
Trog
Vehumet

Shops:
D:4 *[!:


Innate Abilities, Weirdness & Mutations

You reflexively headbutt those who attack you in melee.
You have a pair of horns on your head.
[You are very clumsy. (Dex -4)]
[You are frail (-10% HP).]
[You occasionally shout uncontrollably at your foes.]
[You are weak. (Str -2)]


Message History

The hell hound barely misses you. You furiously retaliate!
You headbutt the hell hound. You closely miss the hell hound.
The hell hound is heavily wounded.
You feel your health improve.
The hell hound bites you but does no damage. x2
The hell hound barely misses you.
The hell hound bites you but does no damage.
The hell hound closely misses you. The hell hound barely misses you.
The hell hound completely misses you. You furiously retaliate!
You headbutt the hell hound, but do no damage.
The hell hound bites you but does no damage.
You barely miss the hell hound.
The hell hound is heavily wounded.
The hell hound bites you but does no damage. x2
The hell hound barely misses you.
The hell hound bites you but does no damage.
The hell hound completely misses you. The hell hound barely misses you.
The hell hound bites you.
You die...

# . ##.##
.#.. ##
..# #..#h#
# #.#h@#
..#..##h#
#
#.....###
#
####.##...
## #. #.##
. ## .## .
. .. # # #
#...### #
( # #)# #
. # .
...#..#


You could see 3 hell hounds.

Vanquished Creatures
  A rakshasa (Abyss:1)
  A naga warrior (Abyss:1)
  A wretched star (Abyss:1)
  A guardian serpent (Abyss:1)
  An ancient zyme (Abyss:1)
  The ghost of sKa the Ruffian, an amateur TrMo of Dithmenos (D:5)
  Grinder (D:5)
  3 large abominations (Abyss:1)
  4 blink frogs (Abyss:1)
  A small abomination (Abyss:1)
  A flying skull (Abyss:1)
  A naga (Abyss:1)
  3 orc warriors
  Duvessa (D:5)
  A black bear (D:6)
  A hell hound (Abyss:1)
  3 ogres
  A necrophage (D:6)
  An ice beast (D:5)
  A sky beast (D:5)
  A phantom (D:5)
  2 centaurs
  4 giant frogs
  Blork the orc (D:5)
  2 scorpions
  Dowan (D:5)
  2 crimson imps (D:6)
  A jelly (D:7)
  2 centaur zombies
  4 hounds
  14 orc wizards
  A worker ant (D:6)
  8 orc priests
  Terence (D:3)
  4 hound zombies
  A hound skeleton (D:6)
  A worker ant zombie (D:5)
  8 adders
  4 gnolls (D:6)
  An ufetubus (Abyss:1)
  4 oozes
  An adder zombie (D:6)
  4 adder skeletons (D:4)
  7 worms
  4 giant geckos
  27 orcs
  2 ball pythons
  7 giant cockroaches
  4 hobgoblins
  4 jackals
  12 kobolds
  4 quokkas
  6 bats
  A giant gecko zombie (D:6)
  7 giant newts
  8 goblins
  9 rats
203 creatures vanquished.

Notes
Turn   | Place    | Note
--------------------------------------------------------------
     0 | D:1      | Mychaelh the Minotaur Berserker began the quest for the Orb.
     0 | D:1      | Reached XP level 1. HP: 19/19 MP: 0/0
   535 | D:1      | Reached skill level 4 in Axes
   667 | D:1      | Reached XP level 2. HP: 27/27 MP: 1/1
  1225 | D:1      | Reached XP level 3. HP: 30/33 MP: 2/2
  1227 | D:1      | Reached ** piety under Trog
  1227 | D:1      | Reached skill level 1 in Throwing
  2171 | D:2      | Found a deep blue altar of Sif Muna.
  2407 | D:2      | Reached XP level 4. HP: 40/40 MP: 3/3
  3100 | D:3      | Reached XP level 5. HP: 44/46 MP: 4/4
  3117 | D:3      | Found a faded altar to an unknown god.
  3138 | D:3      | Found a white marble altar of Elyvilon.
  3437 | D:3      | Reached *** piety under Trog
  3446 | D:3      | Found an iron altar of Okawaru.
  3458 | D:3      | Found a sparkling altar of Nemelex Xobeh.
  3465 | D:3      | Found a shattered altar of Ashenzari.
  3621 | D:3      | Noticed Terence
  3632 | D:3      | Killed Terence
  4073 | D:4      | Found a staircase to the Ecumenical Temple.
  4084 | Temple   | Entered the Ecumenical Temple
  4251 | D:4      | Found Leiptommo's Assorted Antiques.
  4266 | D:4      | Bought a scroll labeled FYROENGUHAH for 26 gold pieces
  4266 | D:4      | Bought a scroll of identify for 52 gold pieces
  4266 | D:4      | Bought a scroll of identify for 52 gold pieces
  4266 | D:4      | Bought a scroll labeled XAXUDA GISUU for 26 gold pieces
  4305 | D:4      | Reached XP level 6. HP: 48/53 MP: 5/5
  4327 | D:4      | Reached skill level 5 in Axes
  4344 | D:4      | Found a stormy altar of Qazlal.
  4398 | D:4      | Found Ysileclogg's Antique Armour Shop.
  4575 | D:4      | Noticed an ogre
  4580 | D:4      | Killed an ogre
  4672 | D:4      | Found Qumeqa's Book Shoppe.
  4770 | D:4      | Reached skill level 1 in Stealth
  4770 | D:4      | Reached XP level 7. HP: 60/60 MP: 6/6
  5046 | D:4      | Found Tibb's Distillery.
  5052 | D:4      | Bought a potion of poison for 13 gold pieces
  5120 | D:5      | Entered Level 5 of the Dungeon
  5140 | D:5      | Reached skill level 5 in Armour
  5263 | D:5      | Noticed Duvessa
  5263 | D:5      | Noticed Dowan
  5268 | D:5      | Killed Dowan
  5271 | D:5      | Killed Duvessa
  5271 | D:5      | Reached skill level 5 in Fighting
  5271 | D:5      | Reached skill level 5 in Throwing
  5338 | D:5      | Noticed sKa's ghost (amateur TrMo)
  5363 | D:5      | Reached XP level 8. HP: 50/68 MP: 7/7
  5374 | D:5      | Reached **** piety under Trog
  5448 | D:5      | Reached skill level 6 in Armour
  5505 | D:5      | Noticed Grinder
  5509 | D:5      | Killed Grinder
  5853 | D:5      | Killed sKa's ghost
  5853 | D:5      | Reached skill level 1 in Polearms
  5853 | D:5      | Reached skill level 7 in Armour
  6117 | D:5      | Noticed a moth of wrath
  6141 | D:5      | Found a bloodstained altar of Trog.
  6231 | D:6      | Noticed Blork the orc
  6239 | D:5      | Killed Blork the orc
  6345 | D:5      | Reached XP level 9. HP: 26/75 MP: 8/8
  7145 | D:6      | Found a sacrificial altar of Ru.
  7155 | D:6      | Reached ***** piety under Trog
  7260 | D:6      | Reached skill level 8 in Armour
  7427 | D:6      | Received a gift from Trog
  7637 | D:7      | Reached skill level 5 in Polearms
  8241 | Temple   | Cast into the Abyss (a distortion unwield)
  8242 | Abyss:1  | Found a corrupted altar of Lugonu.
  8247 | Abyss:1  | Found a corrupted altar of Lugonu.
  8315 | Abyss:1  | Reached skill level 9 in Armour
  8315 | Abyss:1  | Reached XP level 10. HP: 72/88 MP: 9/9
  8388 | Abyss:1  | Noticed a rakshasa
  8407 | Abyss:1  | Noticed a large abomination
  8499 | Abyss:1  | Noticed a guardian serpent
  8507 | Abyss:1  | Got a bound glass ring
  8512 | Abyss:1  | Killed a guardian serpent
  8515 | Abyss:1  | HP: 4/88 [poisoned by a guardian serpent (bolt of poison)]
  8556 | Abyss:1  | Noticed a naga warrior
  8570 | Abyss:1  | Killed a naga warrior
  8629 | Abyss:1  | Noticed a wretched star
  8676 | Abyss:1  | Noticed a rakshasa
  8691 | Abyss:1  | Killed a rakshasa
  8691 | Abyss:1  | Received a gift from Trog
  8691 | Abyss:1  | Reached skill level 10 in Armour
  8698 | Abyss:1  | Killed a wretched star
  8709 | Abyss:1  | HP: 3/81 [hell hound/blast of flame (3)]
  8711 | Abyss:1  | Slain by a hell hound

Action                   |  1- 3 |  4- 6 |  7- 9 | 10-12 || total
-------------------------+-------+-------+-------+-------++-------
Melee: Hand axe          |    92 |    34 |       |       ||   126
       Flail             |       |    23 |       |       ||    23
       War axe           |       |    41 |    71 |       ||   112
       Halberd           |       |       |   223 |    75 ||   298
Throw: Stone             |   104 |    65 |    33 |       ||   202
       Tomahawk          |       |    10 |    59 |     5 ||    74
Invok: Berserk           |     2 |     3 |     4 |     3 ||    12
Evoke: Wand              |       |       |       |     2 ||     2
  Use: Scroll            |       |    11 |     1 |     2 ||    14
       Potion            |       |       |       |     7 ||     7
 Stab: Paralysed         |       |       |     2 |       ||     2
  Eat: Chunk             |     2 |     2 |     2 |       ||     6
       Bread ration      |     1 |       |     1 |     1 ||     3
       Meat ration       |       |     2 |       |       ||     2
       Pizza             |       |       |     1 |       ||     1
       Fruit             |       |       |     9 |       ||     9
